 Dungeon Crawl Stone Soup version 0.30-a0-187-gd9c2deaf24 (webtiles) character file.

Game seed: 12084736527370707442

7668 lunkers the Martial Artist (level 11, -4/109 HPs)
             Began as a Meteoran Transmuter on Oct 4, 2022.
             Was a Believer of Sif Muna.
             Shot with an arrow by a centaur warrior (20 damage)
             ... on level 10 of the Dungeon.
             The game lasted 00:15:27 (4112 turns).

lunkers the Martial Artist (Meteoran Transmuter)    Turns: 4112, Time: 00:15:27

Health: -4/109     AC:  7    Str: 13    XL:     11   Next: 68%
Magic:  13/16      EV: 13    Int: 17    God:    Sif Muna [**....]
Gold:   855        SH:  5    Dex: 16    Spells: 3/15 levels left

rFire   x . .      SeeInvis .      - Unarmed
rCold   + + +      Faith    .    (shield currently unavailable)
rNeg    . . .      Spirit   .    (body armour currently unavailable)
rPois   +          Reflect  +    (helmet currently unavailable)
rElec   .          Harm     .    (cloak currently unavailable)
rCorr   .          Rampage  .    (gloves currently unavailable)
Will    +....                    (boots currently unavailable)
Stlth   +.........               s - amulet of reflection
HPRegen 0.38/turn                E - ring of wizardry
MPRegen 0.15/turn                l - ring of poison resistance

@: ice-form, glowing
A: freezing attack, amphibious, boosted hp, large, sense surroundings 2,
otherworldly, glowing, explore regen
a: End Transformation, Renounce Religion, Channel Magic


You were on level 10 of the Dungeon.
You worshipped Sif Muna.
Sif Muna was pleased with you.
You were a creature of crystalline ice.
You visited 2 branches of the dungeon, and saw 11 of its levels.
You also visited: Ossuary.

You collected 855 gold pieces.

Inventory:

Missiles
 J - 2 throwing nets
Armour
 o - a +1 pair of boots (melded)
 u - a +1 cloak (melded)
 y - a +0 hat (melded)
 A - a +2 robe of cold resistance
 D - +0 steam dragon scales
 G - a +0 troll leather armour (melded)
 I - a scarf of shadows
Jewellery
 h - a ring of protection from cold
 l - a ring of poison resistance (right front paw)
 s - an amulet of reflection (around neck)
 E - a ring of wizardry (left front paw)
Wands
 a - a wand of iceblast (20)
 d - a wand of flame (27)
 r - a wand of charming (3)
 t - a wand of mindburst (11)
Scrolls
 g - 4 scrolls of teleportation
 k - a scroll of poison
 B - a scroll of acquirement
 C - 2 scrolls of fear
 F - 2 scrolls of silence
 H - 2 scrolls of amnesia
 K - a scroll of identify
Potions
 b - 2 potions of lignification
 c - 4 potions of heal wounds
 e - 6 potions of might
 f - 4 potions of haste
 i - 2 potions of invisibility
 j - 3 potions of brilliance
 m - a potion of flight {unknown}
 n - 2 potions of berserk rage {unknown}
 p - a potion of ambrosia {unknown}
 q - 4 potions of magic
 v - a potion of mutation {unknown}
 w - 3 potions of degeneration {unknown}
 x - 4 potions of curing
 z - 2 potions of attraction {unknown}


   Skills:
 - Level 6.5 Fighting
 - Level 7.4 Dodging
 + Level 14.3 Unarmed Combat
 - Level 2.6 Spellcasting
 + Level 10.8 Transmutations
 * Level 1.2 Air Magic


You had 3 spell levels left.
You knew the following spells:

 Your Spells              Type           Power      Damage    Failure   Level
b - Wereblood             Tmut           39%        N/A       1%          2
c - Spider Form           Tmut/Pois      20%        N/A       2%          3
d - Ice Form              Ice/Tmut       20%        N/A       8%          4
e - Vhi's Electric Charg  Tloc/Air       8%         N/A       16%         3

Your spell library contained the following spells:

 Spells                   Type           Power      Damage    Failure   Level
 Beastly Appendage        Tmut           78%        N/A       1%          1
 Apportation              Tloc           4%         N/A       8%          1
 Necrotise                Necr           8%         1d4       8%          1
 Summon Small Mammal      Summ           8%         N/A       8%          1
 Blink                    Tloc           4%         N/A       11%         2
 Manifold Assault         Tloc           2%         N/A       54%         4
 Storm Form               Tmut/Air       11%        N/A       99%         7


Dungeon Overview and Level Annotations

Branches:
Dungeon (10/15) Zot: 2248  Temple (1/1) D:6 Zot: 574 Ossuary (visited)
   Lair: D:8-11         Orc: D:9-12

Altars:
Ashenzari
Cheibriados
Dithmenos
Fedhas
Gozag
Hepliaklqana
Kikubaaqudgha
Makhleb
Nemelex Xobeh
Okawaru
Qazlal
Ru
Sif Muna
Trog
Uskayaw
Vehumet
Wu Jian
Xom
Yredelemnul
The Shining One

Shops:
D:5 (   D:6 (


Innate Abilities, Weirdness & Mutations

You are a creature of crystalline ice.
You have a powerful freezing melee attack.
You are amphibious.
Your maximum health is increased.
Your armour is entirely melded.
You are incapable of wielding weapons or throwing items.
You passively map the area around you.
You are easily found by Zot.
You glow in the dark.
You regain HP and MP as you explore.


Message History

Your transformation is almost over.
You warm up again.
Your +1 cloak unmelds from your body.
Your +0 hat unmelds from your body.
Your +1 pair of boots unmelds from your body.
Your +0 troll leather armour unmelds from your body.
You open the door.
There is an open door here.
A centaur warrior and a killer bee come into view.
Found 20 gold pieces.
The centaur warrior shouts!
The killer bee buzzes angrily.
The centaur warrior wields a +0 longbow.
The centaur warrior shoots an arrow.
The arrow closely misses you.
You hear a shout!
There is an open door here.
Casting: Ice Form (dangerous; 10% risk of failure)
Confirm with . or Enter, or press ? or * to list all spells.
You turn into a creature of crystalline ice.
Your +1 cloak melds into your body.
Your +0 hat melds into your body.
Your +1 pair of boots melds into your body.
Your +0 troll leather armour melds into your body.
The centaur warrior shoots an arrow.
The arrow barely misses you.
The centaur warrior shoots an arrow.
The arrow hits you!!
You hear a bellow!
The centaur warrior shoots an arrow.
You reflect the arrow off an invisible shield around you!
The arrow hits the centaur warrior!
The centaur warrior shoots an arrow.
The arrow hits you!!
* * * LOW HITPOINT WARNING * * *
The centaur warrior shoots an arrow.
The arrow hits you!!
* * * LOW HITPOINT WARNING * * *
The centaur warrior shoots an arrow.
The arrow hits you!
* * * LOW HITPOINT WARNING * * *
You are too injured to fight recklessly!
You are too injured to fight recklessly!
A centaur comes into view.
The centaur shouts!
The centaur warrior shoots an arrow.
The arrow hits you!
* * * LOW HITPOINT WARNING * * *
The centaur warrior shoots an arrow.
The arrow hits you!!
You die...

####.#######............#...#_...
........................#...##...
........................+...##8..
....>......########.....##### ##8
..........## ### *##........# #
.........## .. * ##........ ,,
.........# *#c ####.####### ,
.........# #$##.##.##.#,
......#### #yc..Y...'.# , .....##
#$##.##.##.+, ,, * ....## * * #.
####.+, , ...## , **.. #.# , , ,
...# * , * ##.** #.# ** * , ...#
* * #.* #.. , , #### , ,,, ..,
#.., * , # *#. , ..,, , , , *** *
* * *


You could see a centaur warrior, a centaur and a killer bee.

Vanquished Creatures
  A centaur warrior (D:9)
  A two-headed ogre (D:10)
  A kobold demonologist (D:9)
  2 trolls (D:9)
  2 hornets
  5 yaks (D:8)
  4 steam dragons (D:7)
  Eustachio (D:5)
  A wyvern (D:10)
  4 vampire mosquitoes (D:10)
  Duvessa (D:5)
  3 orc warriors
  2 sky beasts
  3 centaurs
  Blork the orc (D:4)
  2 kobold brigands (D:7)
  4 bullfrogs
  A necrophage (D:6)
  2 gnoll sergeants
  3 scorpions
  11 wights
  Dowan (D:5)
  8 killer bees
  Crazy Yiuf (D:4)
  A hound (D:5)
  3 orc priests
  A gnoll bouda (D:10)
  Ijyb (D:5)
  3 iguanas
  7 orc wizards
  8 mummies (Ossuary)
  16 gnolls
  4 adders
  A shadow imp (D:8)
  2 worms
  3 dart slugs
  23 orcs
  3 endoplasms
  2 giant cockroaches
  3 gnoll zombies
  4 goblins
  11 hobgoblins
  4 jackals (D:2)
  3 quokkas
  A ball python (D:4)
  A bat (D:1)
  A frilled lizard (D:3)
  4 hobgoblin zombies
  9 kobolds
  3 kobold zombies (Ossuary)
  5 rats
192 creatures vanquished.

Vanquished Creatures (others)
  A human (D:3)
  2 fungi (D:5)
3 creatures vanquished.

Grand Total: 195 creatures vanquished

Notes
Turn   | Place    | Note
-------+----------+-------------------------------------------
     0 | D:1      | lunkers the Meteoran Transmuter began the quest for the
                  | Orb.
     0 | D:1      | Reached XP level 1. HP: 16/16 MP: 5/5
    24 | D:1      | Reached XP level 2. HP: 21/23 MP: 4/6
   198 | D:2      | Reached skill level 4 in Unarmed Combat
   206 | D:2      | Learned a level 2 spell: Wereblood
   310 | D:2      | Reached XP level 3. HP: 26/28 MP: 8/8
   408 | D:1      | Learned a level 3 spell: Spider Form
   670 | D:3      | Reached XP level 4. HP: 32/35 MP: 5/9
   760 | D:3      | Found an ancient bone altar of Kikubaaqudgha.
   760 | D:3      | Noticed a human
   764 | D:3      | Killed a human
   936 | D:4      | Found a sand-covered staircase.
   943 | Ossuary  | Entered an ossuary
  1001 | Ossuary  | Reached skill level 5 in Unarmed Combat
  1001 | Ossuary  | Reached XP level 5. HP: 21/40 MP: 8/10
  1112 | Ossuary  | Reached skill level 5 in Transmutations
  1112 | Ossuary  | Reached XP level 6. HP: 37/47 MP: 7/11
  1188 | Ossuary  | Learned a level 4 spell: Ice Form
  1193 | D:4      | Noticed Blork the orc
  1207 | D:4      | Killed Blork the orc
  1208 | D:4      | Reached skill level 6 in Unarmed Combat
  1386 | D:4      | Found a runed translucent door.
  1398 | D:4      | Reached XP level 7. HP: 31/52 MP: 6/12
  1399 | D:4      | Noticed Crazy Yiuf
  1405 | D:4      | Killed Crazy Yiuf
  1452 | D:5      | Entered Level 5 of the Dungeon
  1476 | D:5      | Reached skill level 7 in Unarmed Combat
  1535 | D:5      | Noticed Dowan
  1536 | D:5      | Noticed Duvessa
  1548 | D:5      | Killed Duvessa
  1553 | D:5      | Killed Dowan
  1554 | D:5      | Reached XP level 8. HP: 17/59 MP: 8/13
  1630 | D:5      | Noticed Ijyb
  1643 | D:5      | Killed Ijyb
  1644 | D:5      | Reached skill level 8 in Unarmed Combat
  1651 | D:5      | Found a radiant altar of Vehumet.
  1719 | D:5      | Noticed Eustachio
  1730 | D:5      | Killed Eustachio
  1861 | D:6      | Reached skill level 9 in Unarmed Combat
  1861 | D:6      | Identified a scroll of acquirement
  1897 | D:5      | Found Zunycly's Antique Weapon Shoppe.
  1966 | D:6      | Found a staircase to the Ecumenical Temple.
  1981 | Temple   | Entered the Ecumenical Temple
  2001 | Temple   | Became a worshipper of Sif Muna the Loreminder
  2146 | D:7      | Gained mutation: You passively map the area around you.
                  | [Meteoran growth]
  2146 | D:7      | Reached XP level 9. HP: 52/64 MP: 8/14
  2174 | D:7      | Reached skill level 10 in Unarmed Combat
  2246 | D:7      | Noticed a hornet
  2259 | D:7      | Killed a hornet
  2489 | D:7      | Reached skill level 11 in Unarmed Combat
  2618 | D:6      | Found Alittego's Weapon Emporium.
  2688 | D:7      | Reached * piety under Sif Muna
  2689 | D:7      | Reached XP level 10. HP: 16/77 MP: 12/15
  2822 | D:8      | Reached skill level 12 in Unarmed Combat
  2894 | D:8      | Reached skill level 5 in Dodging
  3040 | D:8      | Reached ** piety under Sif Muna
  3300 | D:9      | Reached skill level 5 in Fighting
  3313 | D:9      | Reached skill level 13 in Unarmed Combat
  3313 | D:9      | Reached skill level 10 in Transmutations
  3357 | D:9      | Reached XP level 11. HP: 88/88 MP: 12/16
  3590 | D:9      | Found a shadowy altar of Dithmenos.
  3715 | D:9      | Noticed a centaur warrior
  3724 | D:9      | Killed a centaur warrior
  3794 | D:9      | Found a sparkling altar of Nemelex Xobeh.
  3810 | D:10     | Entered Level 10 of the Dungeon
  3888 | D:10     | Noticed a two-headed ogre
  3894 | D:10     | Killed a two-headed ogre
  3895 | D:10     | Reached skill level 14 in Unarmed Combat
  3899 | D:10     | Found a blossoming altar of Fedhas.
  3975 | D:10     | Learned a level 3 spell: Vhi's Electric Charge
  4043 | D:10     | Reached skill level 1 in Air Magic
  4106 | D:10     | Noticed a centaur warrior
  4112 | D:10     | Shot with an arrow by a centaur warrior

Illustrated notes

Levels and vault maps discovered:
D:1:      psy_arrival_spokes, layout_basic, basic_ecumenical_altar,
          minmay_tromino_i2
D:2:      layout_basic, minmay_bisected
D:3:      layout_basic, tgw_kikubaaqudgha, minmay_vboxes
D:4:      layout_loops_ring, enter_ossuary_3, uniq_crazy_yiuf_cottage,
          uniq_blork_the_orc
D:5:      layout_gridville, vehumet_altar_wand_db, serial_shops,
          nicolae_shop_hallway_stairs, minmay_misc_feat_columns,
          hangedman_glass_teeth, dreamdust_gnoll_farm, uniq_duvessa, uniq_ijyb,
          uniq_eustachio
D:6:      layout_gridville, minmay_temple_entry_glassed_door, serial_shops,
          kennysheep_mini
D:7:      minmay_angry_zag, layout_basic
D:8:      nicolae_cairo_tiling_very_big, layout_loops_cross,
          kennysheep_generic_room_5
D:9:      layout_small_grid, mainiacjoe_overflow_concentric_impassable,
          kennysheep_mini_moat, david_orc_4, minmay_misc_feat_hallway,
          hangedman_corner_corridor
D:10:     hangedman_cross_veins, layout_irregular_city,
          nicolae_overflow_hidden_temple, wad_floor_pattern_1
Temple:   minmay_freezing_vapour_temple

Skill      XL: |  1  2  3  4  5  6  7  8  9 10 11 |
---------------+----------------------------------+-----
Transmutations | 3 4 5 6 7 8 10 | 10.8
Unarmed Combat | 4 5 6 7 9 11 13 14 | 14.3
Dodging        | 4 6 7 |  7.4
Fighting       | 3 5 6 |  6.5
Air Magic      | 1 |  1.2
Spellcasting   | |  2.6

Action                   |  1- 3 |  4- 6 |  7- 9 | 10-12 || total
-------------------------+-------+-------+-------+-------++-------
Melee: Unarmed           |    56 |   134 |   174 |   199 ||   563
       Headbutt          |     4 |       |       |       ||     4
       Kick              |     5 |       |       |       ||     5
       Punch             |       |     5 |     2 |     1 ||     8
 Cast: Beastly Appendage |     9 |       |       |       ||     9
       Wereblood         |     1 |       |       |       ||     1
       Spider Form       |     6 |     8 |    22 |       ||    36
       Ice Form          |       |       |       |    17 ||    17
Evoke: Wand              |       |       |     4 |     3 ||     7
  Use: Scroll            |       |    10 |     7 |     4 ||    21
       Potion            |       |     1 |       |       ||     1
Armor: Robe              |     5 |     4 |     9 |       ||    18
       Skin              |     2 |    20 |     8 |    41 ||    71
       Steam dragon scal |       |       |       |     6 ||     6
       Troll leather arm |       |       |       |     3 ||     3
Dodge: Dodged            |    31 |    45 |   114 |    82 ||   272
Block: Other             |       |    27 |    30 |    52 ||   109
       Reflection        |       |       |       |     3 ||     3

Table legend: (Time is in decaauts)
 A = Elapsed time spent in this place.
 B = Non-inter-level travel time spent in this place.
 C = Inter-level travel time spent in this place.
 D = Time resting spent in this place.
 E = Time spent auto-exploring this place.
 F = Levels seen in this place.
 G = Mean time per level.
                   A        B        C        D        E       F      G
               +--------+--------+--------+--------+--------+-----+--------+
         Total |   4016 |   3837 |    179 |      9 |   1920 |  12 |  334.7 |
       Dungeon |   3750 |   3571 |    179 |      0 |   1909 |  10 |  375.0 |
        Temple |     25 |     25 |      0 |      0 |     10 |   1 |   25.0 |
       Ossuary |    240 |    240 |      0 |      9 |      1 |   1 |  240.0 |
               +--------+--------+--------+--------+--------+-----+--------+

Top non-repeatable levels by time:
     D:7: 631 daAuts
     D:9: 538 daAuts
     D:8: 500 daAuts
     D:4: 399 daAuts
     D:5: 398 daAuts
     D:3: 316 daAuts
    D:10: 289 daAuts
     D:2: 270 daAuts
 Ossuary: 240 daAuts
     D:1: 207 daAuts
     D:6: 197 daAuts
  Temple: 25 daAuts
